Map: Disco Bloodbath LE

Players

Clem - Winner!

  • Race: Terran Terran
  • Spawn Location: 3:00

Harstem

  • Race: Protoss Protoss
  • Spawn Location: 9:00

VOD

Have the link to the VOD?

Description

Time

  • Played on: Sept. 7, 2019, 2:06 p.m.
  • Length: 7:05
Show
View Real Time Build Order
Export as new Build Order

Clem Terran - Winner!

Build Orders: Reaper Expand 

Get SALT Encoding   

  12  0:01  SCV  
  13  0:13  SCV  
  14  0:17  Supply Depot  
  14  0:25  SCV  
  15  0:38  SCV  
  15  0:40  Barracks  
  16  0:43  Refinery  
  16  0:50  SCV  
  17  1:03  SCV  
  18  1:15  SCV  
  19  1:28  Orbital Command  
  19  1:29  Reaper  
  20  1:39  Command Center  
  20  1:50  Supply Depot  
  20  1:53  SCV  
  21  2:00  Marine  
  22  2:06  SCV  
  23  2:09  Factory  
  23  2:18  SCV  
  23  2:19  Refinery  
  23  2:20  Barracks Reactor  
  24  2:30  SCV  
  25  2:42  SCV  
  26  2:52  Orbital Command  
  26  2:55  Starport  
  26  2:56  Widow Mine  
  26  2:57  SCV  
  26  2:58  Marine x2  
  31  3:09  SCV  
  31  3:10  Supply Depot  
  32  3:15  Marine x2  
  32  3:17  Widow Mine  
  32  3:19  SCV  
  37  3:24  SCV  
  38  3:30  Medivac  
  38  3:31  SCV  
  41  3:35  Marine x2  
  41  3:36  SCV  
  41  3:39  Supply Depot  
  41  3:40  Widow Mine  
  46  3:43  Barracks  
  46  3:46  SCV  
  47  3:51  Barracks  
  47  3:52  SCV  
  47  4:00  Medivac, Engineering Bay  
  49  4:03  Widow Mine  
  49  4:05  Marine x2  
  49  4:08  SCV  
  54  4:11  SCV  
  54  4:16  Refinery  
  55  4:20  Supply Depot  
  55  4:22  SCV  
  55  4:23  SCV  
  57  4:25  Marine, Factory Tech Lab  
  57  4:30  Terran Infantry Weapons Level 1  
  58  4:33  Barracks Tech Lab  
  58  4:34  Factory Reactor, SCV  
  58  4:35  Starport Reactor  
  58  4:36  SCV  
  60  4:42  Barracks Tech Lab, Marine  
  60  4:43  Marine  
  62  4:47  SCV  
  63  4:54  SCV  
  63  4:55  Stimpack  
  63  4:56  Marauder  
  63  4:58  Supply Depot  
  64  5:00  Marine  
  64  5:01  Marine  
  64  5:02  SCV  
  64  5:06  Combat Shield  
  65  5:09  SCV  
  65  5:10  Refinery  
  65  5:11  Marauder  
  68  5:15  SCV  
  68  5:16  Supply Depot  
  68  5:20  Marauder  
  71  5:21  SCV  
  71  5:25  Marine x2  
  71  5:27  SCV  
  75  5:30  Supply Depot  
  75  5:32  Medivac  
  78  5:39  Medivac  
  78  5:40  SCV  
  78  5:41  Widow Mine  
  82  5:43  Widow Mine  
  82  5:45  Supply Depot, Marine x2  
  86  5:51  Marauder x2  
  90  5:59  Command Center  
  90  6:02  Supply Depot  
  90  6:07  Widow Mine x2  
  90  6:11  Medivac x2  
  98  6:13  Marine x2  
  98  6:18  Supply Depot  
  100  6:20  SCV x2  
  100  6:24  Marauder  
  104  6:27  Marauder  
  104  6:32  SCV  
  107  6:37  Marine x2  
  109  6:40  Widow Mine x2  
  111  6:47  Barracks  
  111  6:48  Barracks  
Show
View Real Time Build Order
Export as new Build Order

Harstem Protoss 

Build Orders: 1 Gate Expand, Colossus Rush 

Get SALT Encoding   

  12  0:00  Probe  
  13  0:12  Probe  
  14  0:19  Pylon  
  14  0:25  Probe  
  15  0:34  Probe  
  15  0:37  Gateway  
  15  0:42  Probe  
  16  0:47  Assimilator  
  17  0:51  Probe  
  18  1:03  Probe  
  19  1:15  Probe  
  20  1:22  Nexus  
  20  1:34  Cybernetics Core  
  20  1:35  Probe  
  21  1:42  Assimilator  
  21  1:47  Probe  
  21  1:52  Pylon  
  22  2:00  Probe, Adept  
  23  2:12  Probe  
  26  2:16  Warp Gate  
  26  2:21  Robotics Facility  
  26  2:24  Probe  
  27  2:32  Probe x2  
  27  2:35  Stalker  
  31  2:40  Probe x2  
  31  2:50  Probe x2  
  35  3:02  Probe x2  
  35  3:05  Observer  
  37  3:12  Gateway  
  38  3:14  Gateway, Probe x2  
  38  3:19  Observer, Pylon  
  40  3:26  Probe x2, Assimilator  
  43  3:29  Sentry  
  43  3:30  Assimilator  
  45  3:38  Probe  
  46  3:47  Probe  
  47  3:50  Probe  
  47  3:54  Pylon  
  48  3:56  Observer  
  48  3:57  Nexus  
  48  4:00  Probe  
  50  4:03  Probe  
  50  4:08  Robotics Bay  
  51  4:12  Probe  
  51  4:15  Probe  
  53  4:19  Stalker x2  
  57  4:24  Probe  
  57  4:27  Pylon  
  57  4:31  Probe  
  59  4:34  Stalker  
  59  4:36  Probe  
  62  4:40  Pylon  
  62  4:45  Probe  
  63  4:51  Probe  
  60  4:57  Probe, Stalker  
  63  5:04  Probe  
  63  5:06  Colossus, Stalker  
  66  5:07  Stalker  
  66  5:09  Probe  
  66  5:12  Probe  
  76  5:22  Probe  
  76  5:24  Extended Thermal Lance  
  76  5:26  Probe  
  78  5:32  Forge  
  78  5:35  Twilight Council  
  79  5:36  Probe  
  79  5:38  Probe  
  79  5:42  Colossus, Probe  
  81  5:48  Probe, Stalker  
  84  5:55  Probe  
  86  6:01  Stalker  
  93  6:04  Pylon  
  93  6:07  Photon Cannon  
  93  6:22  Probe, Stalker x2  
  93  6:24  Shield Battery, Pylon, Probe  
  99  6:29  Pylon  
  99  6:45  Stalker  
  99  6:46  Probe x2  
  95  6:48  Probe  
Tags
 
Add a new tag
Caveats
  • Supply blocks, unpowered buildings, or Contaminate may cause inaccurate times.
  • Supply counts are checked every 10 seconds.